 Dungeon Crawl Stone Soup version 0.30.1-11-g7821555f0a (webtiles) character file.

Game seed: 9425831468476298255

20 ruphz the Cudgeller (level 3, 0/1 (29) HPs)
             Began as a Meteoran Reaver on Nov 6, 2023.
             Slain by a bat (1 damage)
             ... on level 1 of the Dungeon.
             The game lasted 00:04:55 (496 turns).

ruphz the Cudgeller (Meteoran Reaver)                Turns: 496, Time: 00:04:55

HP:   0/1 (29)      AC:  3    Str: 14    XL:     3   Next: 14%
MP:   8/8           EV: 11    Int: 16    God:
Gold: 41            SH:  3    Dex: 12    Spells: 3/7 levels left

rFire   . . .        a - +0 mace
rCold   . . .        c - +0 buckler
rNeg    . . .        b - +0 leather armour
rPois   .            (no helmet)
rElec   .            (no cloak)
rCorr   .            (no gloves)
SInv    .            (no boots)
Will    .....        (no amulet)
Stlth   +            (no ring)
HPRegen 0.20/turn    (no ring)
MPRegen 0.11/turn

%: no passive effects
@: glowing, extremely drained, bezotted
A: sense surroundings 1, otherworldly, glowing, explore regen
a: no special abilities


You were on level 1 of the Dungeon.
You visited 1 branch of the dungeon, and saw 1 of its levels.

You collected 41 gold pieces.

Inventory:

Hand Weapons
 a - a +0 mace (weapon)
Armour
 b - a +0 leather armour (worn)
 c - a +0 buckler (worn)
Potions
 d - a potion of curing
 e - a potion of magic {unknown}
 f - a potion of might {unknown}
 g - a potion of berserk rage {unknown}


   Skills:
 + Level 2.2 Fighting
 + Level 4.5 Maces & Flails
 + Level 0.4 Armour
 + Level 2.6 Dodging
 + Level 2.9 Spellcasting
 + Level 3.9 Conjurations


You had 3 spell levels left.
You knew the following spells:

 Your Spells              Type           Power      Damage    Failure   Level
a - Kiss of Death         Conj/Necr      32%        2d7       14%         1
b - Hailstorm             Conj/Ice       8%         3d4       41%         3

Your spell library contained the following spells:

 Spells                   Type           Power      Damage    Failure   Level
 Momentum Strike          Conj/Tloc      16%        3d8       22%         2


Dungeon Overview and Level Annotations

Branches:
Dungeon (1/15) Zot: 99

Altars:


Innate Abilities, Weirdness & Mutations

You passively map a small area around you.
You are easily found by Zot.
You glow in the dark.
You regain HP and MP as you explore.


Message History

The ball python misses you.
Casting: Hailstorm (astonishingly dangerous; 41% risk of failure)
Confirm with . or Enter, or press ? or * to list all spells.
Aiming: Kiss of Death (safe; 14% risk of failure)
Press: ? - help, Shift-Dir - straight line, f - ball python
Aim: a ball python (100% to hit)
The negative energy hits the ball python!
The ball python is drained!
You kill the ball python!
You feel drained.
g - a glowing green potion You open the door.
Found a glowing plate armour.
There is an open door here.
Found a stone staircase leading down.
You open the door.
There is an open door here.
Found a stone staircase leading down.
A ball python comes into view.
Casting: Kiss of Death (safe; 14% risk of failure)
Confirm with . or Enter, or press ? or * to list all spells.
Aiming: Kiss of Death (safe; 14% risk of failure)
Press: ? - help, Shift-Dir - straight line, f - ball python
Aim: a ball python (100% to hit)
The negative energy hits the ball python!
The ball python is drained!
You kill the ball python!
You feel drained.
You see here a ball python corpse.
You see here a +0 plate armour of fire resistance.
You open the door.
A bat comes into view.
Unknown command.
You hit the bat.
The bat is severely wounded.
The bat misses you. You block the bat's attack.
You have lingered too long.
Zot senses you.
Dive deeper or flee this branch before you suffer!
The bat hits you.
Ouch! That really hurt!
You die...

.. ###.###.#.# * *... #.*
#.#.# *#.# #.###'#.# **
#.# #.......# * , ###.#
###.....## #...##
##.......## ,
#....####.........####...
#.......'.........'......,
,
#....####.....[@..####...
, , #..>...........b.## *
##.†######.#.....## ,
.......# #.##..>## *
##..##.# #.###+## ,
##.....# #.# *, * ,
.......# #.# , , ,
###.##.###.# .## *
#.#...##.##....# *


You could see a bat.

Vanquished Creatures
  An endoplasm (D:1)
  2 giant cockroaches (D:1)
  3 goblins (D:1)
  3 hobgoblins (D:1)
  3 ball pythons (D:1)
  4 bats (D:1)
  2 rats (D:1)
18 creatures vanquished.

Notes
Turn   | Place    | Note
-------+----------+-------------------------------------------
     0 | D:1      | ruphz the Meteoran Reaver began the quest for the Orb.
     0 | D:1      | Reached XP level 1. HP: 17/17 MP: 5/5
   104 | D:1      | Reached XP level 2. HP: 14/14 MP: 6/6
   315 | D:1      | Reached XP level 3. HP: 5/7 MP: 8/8
   319 | D:1      | Learned a level 3 spell: Hailstorm
   496 | D:1      | Glimpsed the power of Zot.
   496 | D:1      | Slain by a bat

Illustrated notes

Levels and vault maps discovered:
D:1:      elethiomel_arrival_infinity_welcomes_careful_drivers,
          layout_loops_corners, minmay_pentomino_q2

Action                     || total
---------------------------++-------
  Melee: Mace              ||    16
   Cast: Kiss of Death     ||    11
    Use: Potion            ||     1
 Armour: Leather armour    ||     6
  Dodge: Dodged            ||     8
  Block: Buckler           ||     3
